 Dungeon Crawl Stone Soup version 0.29.1-15-g9cfb28693d (webtiles) character file.

Game seed: 13064709541012969134

468 raph the Carver (level 6, -1/51 HPs)
             Began as a Minotaur Fighter on Mar 25, 2023.
             Slain by a worm (9 damage)
             ... on level 5 of the Dungeon.
             The game lasted 00:03:48 (2816 turns).

raph the Carver (Minotaur Fighter)                  Turns: 2816, Time: 00:03:49

Health: -1/51      AC: 11    Str: 20    XL:     6   Next: 81%
Magic:  5/5        EV:  9    Int:  5    God:
Gold:   125        SH:  4    Dex: 12    Spells: 5/5 levels left

rFire   . . .      SeeInvis .   a - +1 long sword
rCold   . . .      Faith    .   c - +0 buckler
rNeg    . . .      Spirit   .   q - +0 plate armour
rPois   +          Reflect  .   (helmet restricted)
rElec   .          Harm     .   (no cloak)
rCorr   .          Rampage  .   (no gloves)
Will    .....                   (no boots)
Stlth   ..........              (no amulet)
HPRegen 0.17/turn               f - +4 ring of evasion
MPRegen 0.09/turn               l - ring of poison resistance

@: no status effects
A: horns 2, retaliatory headbutt
a: no special abilities


You were on level 5 of the Dungeon.
You visited 1 branch of the dungeon, and saw 5 of its levels.

You collected 125 gold pieces.

Inventory:

Hand Weapons
 a - a +1 long sword (weapon)
Missiles
 g - 2 javelins (quivered)
 m - 3 datura-tipped darts
 n - 3 poisoned darts
Armour
 b - a +0 scale mail
 c - a +0 buckler (worn)
 q - a +0 plate armour (worn)
Jewellery
 f - a +4 ring of evasion (left hand)
 l - a ring of poison resistance (right hand)
 v - a ring of magical power
Scrolls
 e - 2 scrolls of teleportation
 s - 2 scrolls of noise
 w - a scroll of immolation {unknown}
Potions
 d - a potion of might
 j - 2 potions of mutation
 o - a potion of lignification {unknown}
 p - a potion of attraction {unknown}
 r - 3 potions of heal wounds
 t - a potion of magic {unknown}
 u - 2 potions of ambrosia


   Skills:
 - Level 3.6 Fighting
 + Level 9.0 Long Blades
 - Level 3.6 Armour
 - Level 3.6 Shields


You had 5 spell levels left.
You didn't know any spells.
Your spell library contained the following spells:

 Spells                   Type           Power      Damage    Failure   Level
 Dazzling Flash           Conj/Hex       0%         N/A       100%        3
 Iskenderun's Mystic Bla  Conj/Tloc      0%         2d3       100%        4
 Starburst                Conj/Fire      0%         6d3       100%        6


Dungeon Overview and Level Annotations

Branches:
Dungeon (6/15)
 Temple: D:4-7

Altars:
Ashenzari

Annotations:
D:6 Duvessa


Innate Abilities, Weirdness & Mutations

You have a pair of horns on your head.
You reflexively headbutt those who attack you in melee.


Message History

The ice beast is moderately wounded.
The ice beast hits you but does no damage.
You hit the ice beast. You headbutt the ice beast.
The ice beast is heavily wounded.
The ice beast hits you but does no damage.
You completely miss the ice beast.
You headbutt the ice beast, but do no damage.
The ice beast is heavily wounded.
The ice beast hits you but does no damage.
You hit the ice beast.
The ice beast is severely wounded.
The ice beast closely misses you. You furiously retaliate!
You headbutt the ice beast, but do no damage.
You closely miss the ice beast. You headbutt the ice beast!
The ice beast is almost dead.
The ice beast completely misses you. The worm bites you but does no damage.
You barely miss the ice beast.
You headbutt the ice beast, but do no damage.
The ice beast is almost dead.
The ice beast hits you. The ice beast freezes you!
You hit the ice beast.
You headbutt the ice beast, but do no damage.
The ice beast is almost dead.
The ice beast hits you. The ice beast freezes you!
* * * LOW HITPOINT WARNING * * *
The worm bites you.
* * * LOW HITPOINT WARNING * * *
The ice beast attacks as you move away!
The ice beast hits you but does no damage.
You see here an adder corpse.
You closely miss the ice beast.
The ice beast is almost dead.
The ice beast hits you but does no damage.
You hit the ice beast but do no damage.
The ice beast is almost dead.
You block the ice beast's attack.
You hit the ice beast.
You kill the ice beast!
The worm bites you!
You die...

########## ....
.........#### ....
.....)...... .....
..........# #.....
.........# ###......
.......>.####...#....
..).........w........
...........@††...#
.....................
.................###.
#........(..........
#.......#.........#..
#.......#.....###.# .
###..........# .# .#
#....... #


You could see a worm.

Vanquished Creatures
  2 ice beasts (D:5)
  A black bear (D:5)
  A bullfrog (D:6)
  2 hounds (D:5)
  An iguana (D:5)
  Robin (D:3)
  4 adders
  2 dart slugs (D:2)
  5 endoplasms
  2 giant cockroaches (D:1)
  14 goblins
  9 hobgoblins
  4 jackals (D:1)
  5 kobolds
  2 quokkas (D:1)
  6 ball pythons
  3 bats
  3 frilled lizards
  7 rats (D:1)
74 creatures vanquished.

Vanquished Creatures (collateral kills)
  5 goblins
  3 hobgoblins
8 creatures vanquished.

Vanquished Creatures (others)
  2 goblins (D:3)
  2 hobgoblins
  4 toadstools (D:6)
8 creatures vanquished.

Grand Total: 90 creatures vanquished

Notes
Turn   | Place    | Note
-------+----------+-------------------------------------------
     0 | D:1      | raph the Minotaur Fighter began the quest for the Orb.
     0 | D:1      | Reached XP level 1. HP: 19/19 MP: 0/0
    82 | D:1      | Reached skill level 3 in Long Blades
   292 | D:1      | Reached XP level 2. HP: 26/26 MP: 1/1
   481 | D:1      | Reached skill level 4 in Long Blades
   802 | D:1      | Reached XP level 3. HP: 31/31 MP: 2/2
  1004 | D:1      | Found a faded altar of an unknown god.
  1349 | D:2      | Reached skill level 5 in Long Blades
  1518 | D:2      | Reached XP level 4. HP: 39/39 MP: 3/3
  2019 | D:3      | Noticed Robin
  2024 | D:3      | Found a broken altar of Ashenzari.
  2032 | D:3      | Reached skill level 6 in Long Blades
  2056 | D:3      | Killed Robin
  2301 | D:3      | You fall into a shaft and drop 3 floors!
  2303 | D:6      | Noticed a bullfrog
  2310 | D:6      | Killed a bullfrog
  2311 | D:6      | Reached XP level 5. HP: 45/45 MP: 4/4
  2317 | D:6      | Noticed an ice beast
  2326 | D:5      | Entered Level 5 of the Dungeon
  2330 | D:5      | Reached skill level 7 in Long Blades
  2468 | D:6      | Noticed Duvessa
  2475 | D:5      | Killed an ice beast
  2476 | D:5      | Reached skill level 8 in Long Blades
  2476 | D:5      | Reached XP level 6. HP: 33/51 MP: 5/5
  2797 | D:5      | Noticed an ice beast
  2802 | D:5      | Reached skill level 9 in Long Blades
  2816 | D:5      | Killed an ice beast
  2816 | D:5      | Slain by a worm

Illustrated notes

Levels and vault maps discovered:
D:1:      psy_arrival_conway, layout_basic,
          shapermc_ecumenical_altar_totnotflames
D:2:      layout_basic, minmay_misc_feat_room, minmay_goblin_outpost
D:3:      layout_basic, lemuel_doored_altar, uniq_robin
D:5:      layout_rooms
D:6:      layout_cave_pools, minmay_gold_behind_fungi, uniq_duvessa

Skill      XL: |  1  2  3  4  5  6 |
---------------+-------------------+-----
Long Blades    | 3 4 5 6 8 9 |  9.0
Fighting       | |  3.6
Armour         | |  3.6
Shields        | |  3.6

Action                   |  1- 3 |  4- 6 || total
-------------------------+-------+-------++-------
Melee: Long sword        |    99 |    88 ||   187
       Headbutt          |    12 |    20 ||    32
Throw: Dart              |     2 |     3 ||     5
  Use: Scroll            |       |     7 ||     7
Armor: Scale mail        |    26 |       ||    26
       Plate armour      |     5 |    62 ||    67
Dodge: Dodged            |    59 |    26 ||    85
Block: Buckler           |    17 |    18 ||    35
